 Dungeon Crawl Stone Soup version 0.22-a0-877-g5c4e1af (webtiles) character file.

49 iamserjio the Chiller (level 3, 3/28 HPs)
             Began as a Deep Elf Ice Elementalist on July 29, 2018.
             Quit the game on level 2 of the Dungeon.
             The game lasted 00:04:15 (440 turns).

iamserjio the Chiller (Deep Elf Ice Elementalist)    Turns: 440, Time: 00:04:17

Health: 3/28       AC: 21    Str:  5    XL:     3   Next: 51%
Magic:  3/10       EV:  2    Int: 20    God:
Gold:   40         SH:  0    Dex: 15    Spells: 5/9 levels left

rFire    . . .     SeeInvis .   f - +0 spear
rCold    . . .     Gourm    .   (no shield)
rNeg     + + +     Faith    .   (armour currently unavailable)
rPois    +         Spirit   .   (helmet currently unavailable)
rElec    .         Reflect  .   (cloak currently unavailable)
rCorr    .         Harm     .   (gloves currently unavailable)
MR       .....     NoTele   +   (boots currently unavailable)
Stlth    ++........             (no amulet)
HPRegen  0.09/turn              (no ring)
MPRegen  0.12/turn              (no ring)

@: lethally poisoned (3 -> 0), tree-form
A: no striking features
a: no special abilities


You were on level 2 of the Dungeon.
You were not hungry.
You were a tree.
You visited 1 branch of the dungeon, and saw 2 of its levels.

You collected 40 gold pieces.

Inventory:

Hand Weapons
 e - a +0 club
 f - a +0 spear (weapon)
 h - a +0 hunting sling
 j - a +0 hunting sling
Missiles
 b - 25 arrows
 k - 21 stones (quivered)
Armour
 a - a +0 robe (melded)
Scrolls
 d - a scroll of identify {unknown}
 g - a scroll of blinking {unknown}
Comestibles
 c - a ration
 l - a chunk of flesh


   Skills:
 + Level 3.1 Dodging
 - Level 2.4 Stealth
 + Level 3.6 Spellcasting
   Level 1.1 Conjurations
 + Level 0.4 Charms
 * Level 4.2 Ice Magic


You had 5 spell levels left.
You knew the following spells:

 Your Spells              Type           Power        Failure   Level  Hunger
a - Freeze                Ice            ###.         2%          1    None
b - Ozocubu's Armour      Chrm/Ice       ##......     16%         3    ###....

Your spell library contained the following spells:

 Spells                   Type           Power        Failure   Level  Hunger
 Throw Frost              Conj/Ice       ##....       7%          2    ##.....
 Summon Ice Beast         Ice/Summ       ##......     50%         4    ####...
 Throw Icicle             Conj/Ice       ##......     41%         4    ####...


Dungeon Overview and Level Annotations

Branches:
Dungeon (2/15)

Altars:
Elyvilon


Message History

Aiming: Freeze (safe; 2% risk of failure)
Press: ? - help, Shift-Dir - straight line, f/p - adder
Aim: an adder (almost dead, slow)
You freeze the adder.
You kill the adder!
It was a potion of lignification.
You turn into a tree.
Your +0 robe melds into your body.
Your roots penetrate the ground.
* * * LOW HITPOINT WARNING * * *
You feel sick.
The frilled lizard bites you but does no damage.
The rat bites you but does no damage.
You miss the frilled lizard.
The frilled lizard bites you but does no damage.
The rat bites you but does no damage.
You hit the rat.
You kill the rat!
* * * LOW HITPOINT WARNING * * *
You feel sick.
The frilled lizard bites you but does no damage.
Are you sure you want to abandon this character and quit the game? (Confirm with "yes".)

#.......#...#......#......#
#.........####.....#......#
##.................#.......
#.........................
#...............#.........
#........##...............
#........##...............
#........##...............
#........##...♣l..........
#........##...†...........
#........##...$...........
#........##....$..........
#........##..............
###########......#######
#..!...# #......#


You could see a frilled lizard.

Vanquished Creatures
  2 adders (D:2)
  An ooze (D:2)
  2 dart slugs (D:1)
  2 ball pythons (D:1)
  6 bats
  A goblin (D:2)
  4 hobgoblins
  A frilled lizard (D:1)
  6 rats
25 creatures vanquished.

Notes
Turn   | Place    | Note
-------+----------+-------------------------------------------
     0 | D:1      | iamserjio the Deep Elf Ice Elementalist began the quest for the Orb.
     0 | D:1      | Reached XP level 1. HP: 10/10 MP: 6/6
   114 | D:1      | Reached XP level 2. HP: 12/15 MP: 1/8
   316 | D:2      | Found a white marble altar of Elyvilon.
   374 | D:2      | Reached skill level 4 in Ice Magic
   374 | D:2      | Reached XP level 3. HP: 10/19 MP: 6/10
   409 | D:2      | Learned a level 3 spell: Ozocubu's Armour
   440 | D:2      | Quit the game

Vault maps used:
D:1:      grunt_arrival_lava_bath
D:2:      elyvilon_altar_5, first_ration

Skill      XL: |  1  2 |
---------------+-------+-----
Dodging        | 3 |  3.1
Ice Magic      | 4 |  4.2
Stealth        | |  2.4
Spellcasting   | |  3.6
Conjurations   | |  1.1
Charms         | |  0.4

Action                   || total
-------------------------++-------
Melee: Unarmed           ||     1
       Spear             ||    17
 Cast: Freeze            ||    42
  Use: Potion            ||     1
 Stab: Sleeping          ||     2
       Distracted        ||     1
Armor: Robe              ||    12
       Skin              ||     5
Dodge: Dodged            ||    25

Table legend:
 A = Spawn XP
 B = Non-spawn XP
 C = Spawn XP percentage of total XP
 D = Spawn monster count
 E = Non-spawn monster count
 F = Spawn count percentage of total count
 G = Total turns spent on level
                    A         B        C        D         E        F      G
               +---------+---------+-------+---------+---------+-------+---------
         Total |       0 |      70 |   0.0 |       0 |      25 |   0.0 |   440
               +---------+---------+-------+---------+---------+-------+---------
           D:1 |       0 |      27 |   0.0 |       0 |      16 |   0.0 |   296
           D:2 |       0 |      43 |   0.0 |       0 |       9 |   0.0 |   144
               +---------+---------+-------+---------+---------+-------+---------
